AoeStats
← Mangudai de Oakley

Arena

509031695Analyzed
4v4 RM · 5d ago on Sep 25, 2026· 42m 35s· 8 players
Game mode
Random Map
Map size
Large (8 player)
Population
200
Speed
Normal
Resources
Standard
Victory
Conquest
Starting age
Dark Age
Ending age
Imperial Age
RankedLock teamsTeams togetherTeam positionsShared explorationLock speedFull tech treeHidden civsTurbo modeCheats
Victory
Defeat
🇧🇷 Celts · Brazil
1080
+13
🇪🇪 Hindustanis · Estonia
1059
+14
🇲🇽 Khmer · Mexico
1052
+14
🇦🇺 Bengalis · Australia
975
+17
🇹🇼 Burgundians · Taiwan
1044
-34
🇪🇨 Byzantines · Ecuador
995
-14
🇹🇼 Ethiopians · Taiwan
995
-14
🇨🇳 Goths · China
986
-14
wilson2012629
8:25 Double-Bit Axe
8:41 Horse Collar
12:09 Feudal Age
16:05 Castle Age
15:27 Bow Saw
15:22 Heavy Plow
20:59 Stone Mining
21:03 Gold Mining
24:33 Husbandry
26:48 Loom
27:39 Wheelbarrow
30:52 Imperial Age
28:08 Town Watch
27:46 Cavalier
29:55 Scale Barding Armor
30:00 Forging
32:57 Coinage
32:13 Light Cavalry
35:48 Iron Casting
35:33 Chain Barding Armor
36:37 Banking
38:04 Blast Furnace
38:09 Chemistry
37:30 Ballistics
37:08 Hussar
37:10 Paladin
henry2992
12:16 Feudal Age
16:27 Castle Age
14:50 Double-Bit Axe
15:47 Stone Mining
15:40 Horse Collar
18:26 Wheelbarrow
19:30 Bow Saw
22:23 Gold Mining
26:59 Gold Shaft Mining
26:26 Heavy Plow
28:02 Hand Cart
31:41 Imperial Age
31:48 Imperial Age
29:50 Loom
30:19 Padded Archer Armor
31:19 Crossbowman
32:05 Thumb Ring
31:55 Fletching
32:21 Leather Archer Armor
33:34 Chemistry
32:57 Conscription
32:29 Pikeman
33:10 Squires
32:53 Arbalester
35:11 Two-Man Saw
34:38 Bodkin Arrow
36:57 Halberdier
37:42 Scale Mail Armor
37:53 Forging
37:49 Scale Barding Armor
39:46 Chain Mail Armor
40:06 Iron Casting
38:58 Onager
38:59 Capped Ram
命格
0:34 Loom
11:31 Feudal Age
16:28 Castle Age
14:25 Double-Bit Axe
14:59 Horse Collar
17:49 Bow Saw
17:43 Heavy Plow
18:36 Stone Mining
22:05 Wheelbarrow
22:13 Gold Mining
22:17 Town Watch
23:18 Fletching
24:26 Hand Cart
25:39 Stone Shaft Mining
26:47 Bodkin Arrow
26:41 Pikeman
31:06 Imperial Age
29:23 Town Patrol
29:40 Forging
29:31 Murder Holes
29:59 Squires
30:05 Scale Mail Armor
30:56 Anarchy
31:37 Iron Casting
31:20 Chain Mail Armor
31:29 Ballistics
32:20 Crop Rotation
32:53 Two-Man Saw
33:05 Conscription
34:56 Blast Furnace
36:24 Elite Skirmisher
38:08 Chemistry
37:20 Halberdier
38:06 Perfusion
39:23 Elite Huskarl
ethane.t.114114114
10:08 Feudal Age
12:09 Loom
15:39 Castle Age
17:07 Double-Bit Axe
19:23 Stone Mining
19:42 Fletching
19:52 Padded Archer Armor
20:53 Crossbowman
26:34 Wheelbarrow
27:48 Leather Archer Armor
29:36 Horse Collar
30:59 Gold Mining
33:09 Heavy Plow
36:15 Imperial Age
36:12 Bow Saw
37:30 Ballistics
38:11 Chemistry
41:39 Ring Archer Armor
41:05 Bodkin Arrow
NeessQuiick
10:45 Feudal Age
14:29 Castle Age
12:58 Double-Bit Axe
13:23 Horse Collar
20:41 Scale Barding Armor
21:15 Forging
26:08 Gold Mining
26:58 Heavy Plow
28:53 Wheelbarrow
31:33 Imperial Age
28:52 Town Watch
28:53 Loom
30:37 Bow Saw
31:05 Tusk Swords
32:01 Bloodlines
31:52 Husbandry
31:12 Light Cavalry
31:47 Fletching
31:59 Padded Archer Armor
32:00 Murder Holes
33:07 Hand Cart
32:53 Town Patrol
33:41 Ballistics
33:21 Bodkin Arrow
37:08 Heavy Scorpion
38:20 Elite Ballista Elephant
41:40 Hussar
Mangudai de Oakley
11:14 Feudal Age
14:58 Castle Age
15:05 Loom
16:06 Double-Bit Axe
17:13 Wheelbarrow
17:49 Bow Saw
19:06 Horse Collar
23:10 Pikeman
26:53 Heavy Plow
27:25 Gold Mining
29:17 Gold Shaft Mining
32:08 Ballistics
34:58 Imperial Age
35:59 Heavy Scorpion
37:43 Chemistry
37:36 Siege Engineers
38:15 Conscription
38:17 Stone Mining
38:55 Elite Woad Raider
39:55 Murder Holes
40:31 Fortified Wall
40:03 Capped Ram
40:52 Scale Mail Armor
41:02 Forging
42:01 Stone Shaft Mining
43:12 Chain Mail Armor
43:08 Forging
dont.rush.me.bro
9:17 Loom
11:05 Feudal Age
15:13 Castle Age
16:20 Double-Bit Axe
19:00 Loom
19:53 Wheelbarrow
19:41 Bow Saw
20:34 Pikeman
21:23 Gold Mining
21:57 Scale Mail Armor
26:25 Town Watch
30:11 Imperial Age
27:58 Masonry
30:50 Bloodlines
30:41 Husbandry
32:27 Scale Barding Armor
32:33 Forging
33:54 Elite Battle Elephant
36:28 Siege Engineers
36:54 Architecture
36:47 Chain Barding Armor
37:51 Fletching
38:36 Iron Casting
38:37 Plate Barding Armor
38:55 Bodkin Arrow
42:35 Blast Furnace
41:36 Padded Archer Armor
41:36 Elite Skirmisher
maxokol
10:45 Feudal Age
14:22 Castle Age
12:19 Double-Bit Axe
12:40 Horse Collar
16:02 Scale Barding Armor
16:25 Loom
20:13 Town Watch
21:29 Forging
22:10 Fortified Wall
23:50 Bloodlines
28:14 Imperial Age
26:48 Chain Barding Armor
26:17 Light Cavalry
27:17 Gold Mining
27:40 Bow Saw
28:48 Iron Casting
30:03 Plate Barding Armor
29:30 Town Patrol
29:33 Heavy Camel Rider
31:41 Wheelbarrow
32:03 Conscription
32:38 Gold Shaft Mining
32:42 Heavy Plow
33:34 Siege Engineers
34:53 Imperial Camel Rider
35:35 Husbandry
36:36 Blast Furnace
37:11 Hoardings
37:39 Fletching
38:09 Grand Trunk Road
Connection lost

Rejoining the realm…

Still unreachable

The connection could not be restored.

Session expired

The server has moved on; the page needs a fresh start.